 Dungeon Crawl Stone Soup version 0.27.0-1-g7a089689b8 (webtiles) character file.

Game seed: 15988506250739972234

30 theswoord the Twirler (level 3, 0/27 HPs)
             Began as a Demonspawn Gladiator on Aug 6, 2021.
             Succumbed to Terence's poison
             ... on level 2 of the Dungeon.
             The game lasted 00:01:10 (988 turns).

theswoord the Twirler (Demonspawn Gladiator)         Turns: 988, Time: 00:01:11

Health: 0/27       AC:  4    Str: 15    XL:     3   Next: 5%
Magic:  3/3        EV: 12    Int:  9    God:
Gold:   31         SH:  0    Dex: 14    Spells: 2/2 levels left

rFire    . . .     SeeInvis .   a - +0 quarterstaff
rCold    . . .     Faith    .   (shield currently unavailable)
rNeg     . . .     Spirit   .   b - +0 leather armour
rPois    .         Reflect  .   c - +0 helmet
rElec    .         Harm     .   (no cloak)
rCorr    .         Rampage  .   (no gloves)
Will     +....                  (no boots)
Stlth    +.........             j - amulet of regeneration
HPRegen  1.09/turn              g - ring of willpower
MPRegen  0.08/turn              (no ring)

@: lethally poisoned (0 -> -5)
A: hooves 1
a: no special abilities


You were on level 2 of the Dungeon.
You visited 1 branch of the dungeon, and saw 2 of its levels.

You collected 31 gold pieces.

Inventory:

Hand Weapons
 a - a +0 quarterstaff (weapon)
Missiles
 d - 3 throwing nets (quivered)
Armour
 b - a +0 leather armour (worn)
 c - a +0 helmet (worn)
Jewellery
 g - a ring of willpower (left hand)
 j - an amulet of regeneration (around neck)
Scrolls
 e - 2 scrolls of identify


   Skills:
 - Level 2.0 Fighting
 + Level 3.8 Staves
 - Level 1.7 Throwing
 - Level 2.6 Dodging


You had 2 spell levels left.
You didn't know any spells.
Your spell library was empty.

Dungeon Overview and Level Annotations

Branches:
Dungeon (2/15)

Altars:

Annotations:
D:2 Terence


Innate Abilities, Weirdness & Mutations

You have large cloven feet.


Message History

Found 10 gold pieces.
Terence misses you.
Found 3 scrolls labelled XEYBUKHL VERE.
You hit Terence but do no damage. You kick Terence, but do no damage.
Terence hits you with a +1 trident of venom.
You are poisoned.
You hit Terence but do no damage.
You feel very sick.
Terence hits you with a +1 trident of venom.
You are more poisoned.
You hit Terence but do no damage.
You feel very sick. Terence barely misses you. Terence misses you.
You barely miss Terence. You kick Terence, but do no damage.
You feel very sick. Terence barely misses you.
Okay, then.
Okay, then.
You feel better.
Terence hits you with a +1 trident of venom!
* * * LOW HITPOINT WARNING * * *
You are poisoned.
You hit Terence. You kick Terence, but do no damage.
Terence is lightly wounded.
You feel very sick. Terence barely misses you.
You hit Terence but do no damage.
Terence is lightly wounded.
You feel sick.
Terence hits you with a +1 trident of venom.
* * * LOW HITPOINT WARNING * * *
You are lethally poisoned!
You closely miss Terence. Your kick misses Terence.
Terence is lightly wounded.
* * * LOW HITPOINT WARNING * * *
You feel very sick. Terence completely misses you.
You closely miss Terence. You kick Terence, but do no damage.
Terence is lightly wounded.
You die...

##.##.....#
##§........# #
#.....†....## $.
##†#.§##.>..# ...
##.)†..# ....#
....##?.†##.##
.#.#
.......†..##..#...
# ................
##
#.!.....@...$...
#.......@...(....
..................
#...............
................
...............
...............
...?...........


You could see Terence.

Vanquished Creatures
  An adder (D:2)
  A dart slug (D:1)
  2 endoplasms (D:1)
  A giant cockroach (D:2)
  2 goblins (D:1)
  A hobgoblin (D:1)
  4 kobolds (D:1)
  A ball python (D:1)
  2 bats
  2 frilled lizards (D:2)
  3 rats
20 creatures vanquished.

Notes
Turn   | Place    | Note
-------+----------+-------------------------------------------
     0 | D:1      | theswoord the Demonspawn Gladiator began the quest for the
                  | Orb.
     0 | D:1      | Reached XP level 1. HP: 16/16 MP: 1/1
   135 | D:1      | Reached skill level 3 in Staves
   437 | D:1      | Gained mutation: You have large cloven feet. [demonic
                  | ancestry]
   437 | D:1      | Reached XP level 2. HP: 22/22 MP: 2/2
   971 | D:2      | Reached XP level 3. HP: 27/27 MP: 3/3
   976 | D:2      | Noticed Terence
   988 | D:2      | Succumbed to Terence's poison

Skill      XL: |  1 |
---------------+----+-----
Staves         | 3 |  3.8
Fighting       | |  2.0
Throwing       | |  1.7
Dodging        | |  2.6

Action                   || total
-------------------------++-------
Melee: Quarterstaff      ||    60
       Kick              ||    10
  Use: Scroll            ||     3
       Potion            ||     1
Armor: Leather armour    ||    14
Dodge: Dodged            ||    42

Levels and vault maps discovered:
D:1:      sevenhm_arrival_forest_fort_small_5, layout_rooms, minmay_hexomino_u4
D:2:      layout_rooms, hellmonk_ecumenical_altar_heavens_door, minivault_24,
          uniq_terence
